[Event "VII Lorca Open 2018"]
[Site "Lorca"]
[Date "2018.12.29"]
[Round "6"]
[White "Nayhebaver, Martin"]
[Black "Espineira Gonzalez, Diego"]
[Result "1-0"]
[ECO "C14"]
[WhiteElo "2460"]
[BlackElo "2299"]
[Annotator "ChessBase"]
[PlyCount "141"]
[EventDate "2018.12.26"]
[EventType "swiss"]
[EventCountry "ESP"]
[SourceTitle "playchess.com"]
[Source "ChessBase"]
[SourceQuality "1"]
[TimeControl "5400+30"]

1. e4 e6 2. d4 d5 3. Nc3 Nf6 4. Bg5 Be7 5. e5 Nfd7 6. h4 h6 7. Bxe7 Qxe7 8. Qg4 f5 9. Qf4 a6 10. Nf3 c5 11. dxc5 Nxc5 12. O-O-O Nc6 13. Bd3 O-O 14. Ne2 Bd7 15. Nfd4 Ne4 16. Kb1 Be8 17. Rhf1 Nc5 18. Qe3 Rc8 19. g3 Nxd4 20. Qxd4 Qc7 21. Nf4 g5 22. hxg5 hxg5 23. Nh3 Nxd3 24. cxd3 Qc2+ 25. Ka1 Bh5 26. Rde1 Be2 27. Rh1 Qd2 28. Qe3 Qxe3 29. fxe3 Bxd3 30. Nxg5 Rc6 31. Rh6 Rfc8 32. b4 Rc1+ 33. Rxc1 Rxc1+ 34. Kb2 Rc2+ 35. Kb3 Re2 36. Kc3 Bc4 37. Rg6+ Kh8 38. Rxe6 Rxe3+ 39. Kd4 Rd3+ 40. Kc5 Rxg3 41. Rg6 f4 42. e6 Bd3 43. Nf7+ Kh7 44. Rf6 Re3 45. Rxf4 Kg7 46. Kd6 Bb5 47. Ne5 Be8 48. e7 Re2 49. a3 Re3 50. Nd7 d4 51. Rg4+ Kf7 52. Rf4+ Kg7 53. Nf6 Bc6 54. Ng4 Re2 55. Rxd4 Be8 56. Ne5 Ba4 57. Rg4+ Kf6 58. Rf4+ Kg5 59. Rf8 Re3 60. e8=Q Bxe8 61. Rxe8 Rxa3 62. Nc4 Rb3 63. Kc5 Rc3 64. Re3 Rc1 65. Kd4 Rb1 66. Kc3 Rc1+ 67. Kb3 Rb1+ 68. Nb2 Ra1 69. Nd3 a5 70. Re5+ Kf6 71. Rxa5 1-0

[Event "VII Lorca Open 2018"]
[Site "Lorca"]
[Date "2018.12.29"]
[Round "6"]
[White "Gomez Ledo, Roberto Carlos"]
[Black "Kovacevic, Slobodan"]
[Result "1-0"]
[ECO "A47"]
[WhiteElo "2448"]
[BlackElo "2245"]
[Annotator "NA"]
[PlyCount "71"]
[EventDate "2018.12.26"]
[EventType "swiss"]
[EventCountry "ESP"]
[SourceTitle "playchess.com"]
[Source "ChessBase"]
[SourceQuality "1"]
[TimeControl "5400+30"]

1. d4 Nf6 2. Nf3 e6 3. c3 c5 4. e3 b6 5. Nbd2 Bb7 6. Bd3 Be7 7. Qe2 {[%emt 0:03:20] A47: 1 d4 Nf6 2 Nf3 b6: Torre, London and Colle Systems} (7. O-O cxd4 8. exd4 O-O 9. Qe2 d6 10. Re1 (10. Ng5 h6 11. Nge4 Nbd7 12. f4 Re8 13. Nxf6+ Nxf6 14. Ne4 Qc7 15. Bd2 a6 16. Rae1 b5 17. Rf3 Bd5 {1-0 (49) Bogdan,D (2441)-Picard,R (2338) Guingamp 2006}) 10... Nbd7 11. c4 Re8 12. b3 e5 13. Bb2 Bf8 14. Bc2 e4 15. Nh4 d5 16. Nf5 Nb8 17. f3 g6 18. Ne3 exf3 19. Qxf3 {0-1 (40) Andriasian,Z (2508)-Lputian,S (2634) Yerevan 2007}) 7... cxd4 8. cxd4 $146 Qc8 9. e4 Ba6 10. O-O Bxd3 11. Qxd3 Qa6 12. Qe3 Nc6 13. d5 Nb4 14. d6 (14. Qb3 $11 {keeps the balance.} Bc5 15. dxe6 fxe6 16. e5) 14... Bxd6 15. Qg5 Bf8 16. e5 h6 17. Qh4 Nfd5 18. Ne4 Be7 19. Qg3 $17 (19. Bg5 $15 Bc5 20. a3) 19... Kf8 20. Bd2 Qd3 21. Nd6 Qg6 22. Qh3 Nd3 23. Nh4 Bxh4 24. Qxh4 Nxe5 25. f4 Qg4 26. Qf2 Nc6 27. h3 Qh5 28. f5 exf5 29. Nxf5 Kg8 30. Rad1 Nf6 31. Nxg7 Kxg7 32. Qxf6+ Kh7 33. Bc3 Rhg8 34. Rxd7 Rxg2+ 35. Kxg2 Rg8+ 36. Kh2 1-0

[Event "VII Lorca Open 2018"]
[Site "Lorca"]
[Date "2018.12.29"]
[Round "6"]
[White "Morozov, Nichita"]
[Black "Terbe, Julianna"]
[Result "1/2-1/2"]
[ECO "D45"]
[WhiteElo "2439"]
[BlackElo "2272"]
[Annotator "NA"]
[PlyCount "33"]
[EventDate "2018.12.26"]
[EventType "swiss"]
[EventCountry "ESP"]
[SourceTitle "playchess.com"]
[Source "ChessBase"]
[SourceQuality "1"]
[TimeControl "5400+30"]

1. Nf3 d5 2. c4 c6 3. e3 Nf6 4. Nc3 a6 5. d4 e6 6. b3 Bb4 7. Bd2 Nbd7 8. Bd3 O-O 9. O-O Qe7 10. Qc2 e5 11. dxe5 Nxe5 12. Nxe5 Qxe5 13. Ne2 Bd6 14. Ng3 Qg5 15. Bc3 Ng4 16. Be2 h5 17. Bxg4 1/2-1/2

[Event "VII Lorca Open 2018"]
[Site "Lorca"]
[Date "2018.12.29"]
[Round "6"]
[White "Solozhenkin, Evgeniy"]
[Black "Ajay Karthikeyan"]
[Result "1-0"]
[ECO "E63"]
[WhiteElo "2427"]
[BlackElo "2143"]
[Annotator "NA"]
[PlyCount "81"]
[EventDate "2018.12.26"]
[EventType "swiss"]
[EventCountry "ESP"]
[SourceTitle "playchess.com"]
[Source "ChessBase"]
[SourceQuality "1"]
[TimeControl "5400+30"]

1. d4 Nf6 2. c4 g6 3. g3 Bg7 4. Bg2 O-O 5. Nc3 d6 6. Nf3 Nc6 7. O-O a6 8. Qc2 Bf5 {[%emt 0:11:55] E63: King's Indian: Fianchetto: Panno Variation with 7...a6} 9. e4 Bg4 10. Be3 Nd7 11. Ne2 e5 12. d5 Ne7 13. Ne1 Bxe2 14. Qxe2 f5 15. f3 c5 $146 ({Predecessor:} 15... a5 16. Nd3 {1-0 (57) Koneru,H (2589)-Wang,J (2364) Batumi 2012}) 16. dxc6 Nxc6 17. exf5 gxf5 18. f4 e4 19. Rd1 Qf6 20. b3 Nc5 21. Qd2 Rad8 22. b4 Na4 $15 23. b5 axb5 24. cxb5 Ne7 25. Nc2 Nb2 26. Bd4 Qf7 27. Bxg7 Qxg7 28. Rb1 Nd3 29. Rfd1 Nd5 30. Rb3 Rc8 31. Rxd3 Nc3 32. Rxd6 Nxd1 33. Qxd1 Qc3 34. Qd5+ Kh8 35. Qd4+ Qxd4+ 36. Nxd4 Rc1+ 37. Bf1 Re8 38. Kg2 e3 39. Be2 Ra1 40. Nxf5 Rxa2 41. Kf3 1-0

[Event "VII Lorca Open 2018"]
[Site "Lorca"]
[Date "2018.12.29"]
[Round "6"]
[White "Suarez Uriel, Adrian"]
[Black "Romero Romero, Sebastian"]
[Result "1-0"]
[ECO "B08"]
[WhiteElo "2386"]
[BlackElo "2180"]
[Annotator "NA"]
[PlyCount "32"]
[EventDate "2018.12.26"]
[EventType "swiss"]
[EventCountry "ESP"]
[SourceTitle "playchess.com"]
[Source "ChessBase"]
[SourceQuality "1"]
[TimeControl "5400+30"]

1. e4 Nc6 2. Nf3 d6 3. d4 Nf6 4. Nc3 g6 5. h3 Bg7 6. Be3 O-O 7. g4 a6 8. Bg2 e5 9. O-O Re8 10. a4 Bd7 11. Qd2 exd4 12. Nxd4 Nxd4 13. Bxd4 Bc6 14. Rae1 Qd7 15. f4 b5 16. f5 b4 1-0

[Event "VII Lorca Open 2018"]
[Site "Lorca"]
[Date "2018.12.29"]
[Round "6"]
[White "Low, Zhen Yu Cyrus"]
[Black "Arjun Kalyan"]
[Result "0-1"]
[ECO "C54"]
[WhiteElo "2384"]
[BlackElo "2406"]
[Annotator "NA"]
[PlyCount "90"]
[EventDate "2018.12.26"]
[EventType "swiss"]
[EventCountry "ESP"]
[SourceTitle "playchess.com"]
[Source "ChessBase"]
[SourceQuality "1"]
[TimeControl "5400+30"]

1. e4 e5 2. Nf3 Nc6 3. Bc4 Bc5 4. O-O Nf6 5. d3 d6 6. c3 a6 7. Bb3 h6 {[%emt 0:00:46] C54: Giuoco Piano: 4 c3 Nf6, main lines with 5 d4 and 5 d3} 8. Re1 O-O 9. h3 Re8 10. Bc2 d5 11. exd5 Qxd5 12. Nbd2 Be6 13. Nf1 (13. b4 Bf8 14. a4 b5 {½-½ (60) Aronian,L (2764)-Karjakin,S (2782) Paris 2018}) 13... Rad8 14. Ng3 Bf8 15. b4 $146 ({Predecessor:} 15. Be3 Qd7 16. d4 exd4 17. Nxd4 Nxd4 18. Bxd4 {½-½ (40) Asis Gargatagli,H (2483)-Balogh,C (2645) Barcelona 2015}) 15... b5 16. a4 g6 17. Qe2 Bg7 18. Bd2 Qd7 19. Rad1 Qc8 20. c4 ({Reject} 20. Nxe5 Nxe5 21. Qxe5 Nd5 $17) (20. Rb1 $11) 20... Nd4 21. Nxd4 exd4 22. Qf1 c5 $15 23. cxb5 cxb4 24. Rc1 Nd5 25. Re4 a5 26. Ne2 Nc3 27. Bxc3 dxc3 28. Qd1 Bd5 29. Rxe8+ Rxe8 30. Nf4 Bb7 31. Bb3 Bd4 32. Kf1 Qf5 33. Qg4 Qxg4 34. hxg4 g5 35. Nd5 Kg7 36. Re1 Rxe1+ 37. Kxe1 Bxf2+ 38. Ke2 Bc5 39. Ne3 Bxe3 40. Kxe3 Bxg2 41. Kd4 Kf6 42. b6 Ke7 43. Kc5 Bb7 44. Kb5 f5 45. gxf5 g4 0-1

[Event "VII Lorca Open 2018"]
[Site "Lorca"]
[Date "2018.12.29"]
[Round "6"]
[White "Serarols Mabras, Bernat"]
[Black "Silva Lucena, Cristian"]
[Result "1-0"]
[ECO "E04"]
[WhiteElo "2371"]
[BlackElo "2197"]
[Annotator "NA"]
[PlyCount "57"]
[EventDate "2018.12.26"]
[EventType "swiss"]
[EventCountry "ESP"]
[SourceTitle "playchess.com"]
[Source "ChessBase"]
[SourceQuality "1"]
[TimeControl "5400+30"]

1. d4 d5 2. c4 e6 3. Nf3 Nf6 4. g3 dxc4 5. Bg2 a6 6. O-O Nc6 7. e3 Bd7 8. Qe2 Bd6 9. Qxc4 O-O 10. Nbd2 Qe7 11. Rd1 Rab8 12. Qb3 b5 13. Ng5 e5 14. d5 Na7 15. Nge4 Nxe4 16. Nxe4 a5 17. Nxd6 cxd6 18. Qa3 a4 19. Bd2 f5 20. Bb4 Rf6 21. Rac1 Nc8 22. Qc3 Rb7 23. b3 g5 24. bxa4 bxa4 25. Ba3 f4 26. Rb1 Rxb1 27. Rxb1 f3 28. Bf1 Qg7 29. Rb7 1-0

[Event "VII Lorca Open 2018"]
[Site "Lorca"]
[Date "2018.12.29"]
[Round "6"]
[White "Luch, Michal"]
[Black "Gines Esteo, Pedro Antonio"]
[Result "1/2-1/2"]
[ECO "A85"]
[WhiteElo "2360"]
[BlackElo "2339"]
[Annotator "NA"]
[PlyCount "110"]
[EventDate "2018.12.26"]
[EventType "swiss"]
[EventCountry "ESP"]
[SourceTitle "playchess.com"]
[Source "ChessBase"]
[SourceQuality "1"]
[TimeControl "5400+30"]

1. d4 f5 2. c4 Nf6 3. Nc3 g6 4. h4 c5 5. d5 e5 6. dxe6 d6 7. Bf4 Bxe6 8. Qd3 Nc6 9. O-O-O Ne5 10. Bxe5 dxe5 11. Qg3 Qb8 12. e3 Bh6 13. Nh3 e4 14. Qxb8+ Rxb8 15. Be2 Ke7 $11 16. Ng5 Rhd8 17. Nxe6 Kxe6 18. g3 a6 19. Na4 Rxd1+ 20. Rxd1 b6 21. Nc3 Bg7 22. a3 h6 23. Nd5 Nxd5 24. Rxd5 Be5 25. Rd1 Rh8 26. Kc2 Rh7 27. b3 Rh8 28. a4 Rf8 29. Rh1 Rd8 30. Rg1 Rf8 31. Rh1 Ke7 32. Rh2 Rf7 33. Rh1 Rf6 34. Rh2 a5 35. Rh1 Rf7 36. Rh2 Rg7 37. Rh1 Bd6 38. Bd1 Kf6 39. Kd2 Be5 40. Ke2 Bc3 41. Bc2 Rd7 42. Rd1 Rxd1 43. Kxd1 Ke5 44. Ke2 Bb4 45. Bb1 g5 46. hxg5 hxg5 47. Bc2 f4 48. gxf4+ gxf4 49. Bb1 Bc3 50. Bc2 Bb2 51. Bb1 Bc3 52. Bc2 f3+ 53. Kf1 Bd2 54. Bb1 Kf5 55. Bc2 Ke5 1/2-1/2

[Event "VII Lorca Open 2018"]
[Site "Lorca"]
[Date "2018.12.29"]
[Round "6"]
[White "Ramiro Ovejero, Juan Luis"]
[Black "Bharath Subramaniyam H"]
[Result "1/2-1/2"]
[ECO "B22"]
[WhiteElo "2358"]
[BlackElo "2234"]
[Annotator "NA"]
[PlyCount "95"]
[EventDate "2018.12.26"]
[EventType "swiss"]
[EventCountry "ESP"]
[SourceTitle "playchess.com"]
[Source "ChessBase"]
[SourceQuality "1"]
[TimeControl "5400+30"]

1. e4 c5 2. Nf3 e6 3. c3 Nf6 4. e5 Nd5 5. d4 cxd4 6. cxd4 d6 7. Bc4 Nc6 8. O-O Be7 9. Qe2 O-O 10. Rd1 b6 11. Bxd5 exd5 12. Nc3 dxe5 13. dxe5 Be6 14. Qb5 Nb4 15. Nd4 Bc5 16. Be3 $14 Qc7 17. Rac1 Bg4 18. Rd2 Bd7 19. Qf1 Qb7 20. a3 Nc6 21. Nxc6 Bxc6 22. Bd4 Rae8 23. f4 f6 24. exf6 Rxf6 25. b4 Bxd4+ 26. Rxd4 Qf7 27. Qf3 Rfe6 28. Kf2 Qe7 29. Nxd5 Qh4+ 30. Qg3 Qh5 31. Qf3 Qxh2 32. Qh3 Re2+ 33. Kf1 Qxh3 34. gxh3 Bxd5 35. Rxd5 Rh2 36. Rc3 Re7 37. Rdd3 Kf7 38. Re3 Rxe3 39. Rxe3 Ra2 40. Rc3 Kf6 41. Rc6+ Kf5 42. Rc7 Rxa3 43. Rxg7 h6 44. Rf7+ Kg6 45. Rd7 Rxh3 46. Kg2 Ra3 47. Rd5 h5 48. Rg5+ 1/2-1/2

[Event "VII Lorca Open 2018"]
[Site "Lorca"]
[Date "2018.12.29"]
[Round "6"]
[White "Pogorelov, Ruslan"]
[Black "Sabuk, Piotr"]
[Result "1/2-1/2"]
[ECO "D41"]
[WhiteElo "2354"]
[BlackElo "2391"]
[Annotator "NA"]
[PlyCount "113"]
[EventDate "2018.12.26"]
[EventType "swiss"]
[EventCountry "ESP"]
[SourceTitle "playchess.com"]
[Source "ChessBase"]
[SourceQuality "1"]
[TimeControl "5400+30"]

1. Nf3 Nf6 2. c4 e6 3. Nc3 d5 4. d4 c5 5. cxd5 Nxd5 6. e4 Nxc3 7. bxc3 cxd4 8. cxd4 Bb4+ 9. Bd2 Bxd2+ 10. Qxd2 O-O 11. Bc4 Nd7 12. O-O b6 13. a4 Bb7 14. Rfe1 Rb8 15. d5 exd5 16. exd5 Rc8 17. Rac1 Qf6 18. a5 Nc5 $11 19. axb6 axb6 20. h3 Rfd8 21. Qe3 h6 22. Red1 Rd6 23. Rd4 Rcd8 24. Rcd1 Qf5 25. Rf4 Qc2 26. Rd2 Qc1+ 27. Kh2 Ba6 28. Bxa6 Nxa6 29. Ne5 Re8 30. Qd4 Qxd2 31. Qxd2 Rxe5 32. Qc3 Re8 33. Rg4 g6 34. Qd2 h5 35. Ra4 Nc7 36. Ra7 Nxd5 37. Rb7 Red8 38. Qb2 R6d7 39. Rxd7 Rxd7 40. Qb5 Rd8 41. g4 hxg4 42. hxg4 Kf8 43. Kg3 Rd6 44. f4 Ke7 45. Kf3 Nc7 46. Qe5+ Kd7 47. f5 f6 48. Qh2 g5 49. Qb2 Kc6 50. Qb4 Na6 51. Qe4+ Kc7 52. Qe7+ Kc6 53. Qe8+ Kc7 54. Qe7+ Kc6 55. Qe8+ Kb7 56. Qe7+ Kc6 57. Ke4 1/2-1/2

[Event "VII Lorca Open 2018"]
[Site "Lorca"]
[Date "2018.12.29"]
[Round "6"]
[White "Guerra Rivera, Salvador"]
[Black "Natarajan C"]
[Result "1-0"]
[ECO "C05"]
[WhiteElo "2343"]
[BlackElo "2177"]
[Annotator "NA"]
[PlyCount "89"]
[EventDate "2018.12.26"]
[EventType "swiss"]
[EventCountry "ESP"]
[SourceTitle "playchess.com"]
[Source "ChessBase"]
[SourceQuality "1"]
[TimeControl "5400+30"]

1. e4 e6 2. d4 d5 3. Nd2 Nf6 4. e5 Nfd7 5. f4 c5 6. c3 Nc6 7. Ndf3 Qb6 8. a3 a5 9. b3 {C05: French Tarrasch: 3...Nf6 4 e5 Nfd7, 5 f4 and 5 Bd3 sidelines} (9. Nh3 Be7 10. f5 cxd4 11. cxd4 exf5 12. Nf4 O-O 13. Nxd5 Qd8 14. Nc3 Nb6 15. d5 Nxe5 16. Nxe5 Re8 {0-1 (27) Zhao,J (2613)-Wan,Y (2472) Xinghua 2015}) 9... Be7 10. h4 f6 11. Bd3 cxd4 12. cxd4 f5 13. Ne2 h5 14. Rh3 g6 $146 ({Predecessor:} 14... Nf8 15. Rg3 g6 {½-½ (57) Bauer,M (1910)-Horvath,M (2008) Jenbach 2009}) 15. Be3 Nf8 16. Kf2 Nd8 17. Nc3 Bd7 18. a4 Nf7 19. Nb5 Nh6 20. Rc1 $14 Rc8 21. Rxc8+ Bxc8 22. Qc2 Bd7 23. Rh1 Bc6 24. Bd2 Ng4+ 25. Ke2 Nd7 26. Bc3 Kf7 27. Ng5+ Bxg5 28. Nd6+ Kg7 29. hxg5 Nb8 30. Qd2 Bd7 31. Bb5 Nc6 32. Bb2 Rd8 33. Rc1 Rh8 34. Qc3 h4 35. Rh1 Rh5 36. Rh3 Rh8 37. Qd2 Qa7 38. Bc3 Rh5 39. Bxc6 Bxc6 40. Bxa5 Qa6+ 41. Ke1 Rh8 42. Qb4 Nh2 43. Nb5 Kf7 44. Rxh2 b6 45. Nd6+ 1-0

[Event "VII Lorca Open 2018"]
[Site "Lorca"]
[Date "2018.12.29"]
[Round "6"]
[White "Aguilar, Andres"]
[Black "Cebrian Flores, Juan Antonio"]
[Result "0-1"]
[ECO "A25"]
[WhiteElo "2307"]
[BlackElo "2015"]
[Annotator "NA"]
[PlyCount "22"]
[EventDate "2018.12.26"]
[EventType "swiss"]
[EventCountry "ESP"]
[SourceTitle "playchess.com"]
[Source "ChessBase"]
[SourceQuality "1"]
[TimeControl "5400+30"]

1. c4 e5 2. g3 Nc6 3. Bg2 Bc5 4. Nc3 d6 5. e3 a6 6. Nge2 Ba7 7. d3 h5 8. h3 h4 9. g4 f5 10. gxf5 Bxf5 11. Nd5 Qd7 0-1

[Event "VII Lorca Open 2018"]
[Site "Lorca"]
[Date "2018.12.29"]
[Round "6"]
[White "Orantes Taboada, Francisco"]
[Black "Medarde Santiago, Luis Marcos"]
[Result "1-0"]
[ECO "B22"]
[WhiteElo "2295"]
[BlackElo "2386"]
[Annotator "NA"]
[PlyCount "93"]
[EventDate "2018.12.26"]
[EventType "swiss"]
[EventCountry "ESP"]
[SourceTitle "playchess.com"]
[Source "ChessBase"]
[SourceQuality "1"]
[TimeControl "5400+30"]

1. e4 c5 2. Nf3 e6 3. c3 Nf6 4. e5 Nd5 5. Bc4 Nb6 6. Bb3 Nc6 7. d4 cxd4 8. cxd4 d5 9. exd6 Bxd6 10. O-O Nd5 {[%emt 0:03:59] B22: Sicilian: 2 c3} (10... O-O 11. Nc3 Ne7 12. Qe2 Bd7 13. Ne5 Bxe5 14. dxe5 Bc6 15. Bg5 Qe8 16. Rad1 Nbd5 17. Rd3 Ng6 18. Bxd5 exd5 19. Re1 Qe6 {½-½ (51) Zhigalko,S (2656)-Andreikin,D (2720) Berlin 2015}) 11. Bxd5 exd5 12. Re1+ Ne7 13. Qb3 $146 ({Predecessor:} 13. Nc3 O-O 14. Bd2 Bd7 15. Qb3 Bc6 16. Nb5 Bxb5 17. Qxb5 b6 18. Rac1 a6 19. Qd3 Qd7 20. Rc2 Qb7 21. Rec1 Rac8 22. Rxc8 Rxc8 {½-½ (21) Fesselier,M (1695)-Schwarz,L (1837) Oberhof 2012}) 13... O-O 14. Nc3 f6 15. Ne4 Rf7 16. Nxd6 Qxd6 17. Bd2 Nc6 18. Re8+ Rf8 19. Rae1 Bd7 {[%emt 0:04:53] [#]} 20. Rxa8 $16 (20. Bf4 $1 $18 {[%mdl 512] and the rest is easy.} Nxd4 (20... Qxf4 21. Qxd5+) 21. Bxd6 Nxb3 22. Rxf8+ Rxf8 23. Bxf8 Kxf8 24. axb3) 20... Rxa8 21. Bf4 Qf8 22. Qxb7 Qc8 23. Qb5 Ne7 24. Qa5 Be6 25. Rc1 Qe8 26. Rc7 a6 27. Qb6 Ng6 28. Qb7 Nxf4 29. Rxg7+ Kf8 30. Rxh7 Bf7 31. Rxf7+ Qxf7 32. Qxa8+ Kg7 33. Qxa6 Qg6 34. Qf1 Qc2 35. g3 Ne2+ 36. Kg2 Qxb2 37. Qd1 Qxa2 38. Qd3 Nc1 39. Qe3 Qc2 40. Qe7+ Kg8 41. Qxf6 Nd3 42. Ne5 Ne1+ 43. Kf1 Kh7 44. Qf7+ Kh6 45. Ng4+ Kg5 46. Qg7+ Kf5 47. Ne3+ 1-0

[Event "VII Lorca Open 2018"]
[Site "Lorca"]
[Date "2018.12.29"]
[Round "6"]
[White "Jimenez Ruano, Adrian"]
[Black "Mingarro Carceller, Sergi"]
[Result "1-0"]
[ECO "E40"]
[WhiteElo "2245"]
[BlackElo "2361"]
[Annotator "NA"]
[PlyCount "49"]
[EventDate "2018.12.26"]
[EventType "swiss"]
[EventCountry "ESP"]
[SourceTitle "playchess.com"]
[Source "ChessBase"]
[SourceQuality "1"]
[TimeControl "5400+30"]

1. d4 d5 2. c4 e6 3. Nc3 Bb4 4. e3 Nf6 5. a3 Bxc3+ 6. bxc3 c6 {[%emt 0:00:15] E40: Nimzo-Indian: Rubinstein (4 e3): Unusual Black 4th moves} (6... c5 7. Nf3 O-O 8. Be2 dxc4 9. Bxc4 Qc7 10. Be2 b6 11. O-O Bb7 12. Bb2 Nbd7 13. h3 Rfd8 14. a4 Rac8 15. a5 h6 16. axb6 axb6 17. Ra7 Ra8 18. Rxa8 Rxa8 19. c4 Rc8 20. Qb3 Qc6 {½-½ (51) Nepomniachtchi,I (2768)-Inarkiev,E (2690) Satka 2018}) 7. a4 O-O 8. Nf3 b6 9. Bd3 Ba6 10. cxd5 cxd5 11. Bxa6 Nxa6 12. Qd3 Qc7 $2 $146 (12... Nb8 $11 {and Black is okay.}) ({Predecessor:} 12... Nc7 13. Bd2 Re8 14. h4 Ne4 15. Ne5 {½-½ (49) Henrotte,N (1655)-Laarhoven,M (1716) Maastricht 2010}) 13. Ba3 Rfc8 14. Qxa6 Qxc3+ 15. Ke2 Qc2+ 16. Nd2 Ne4 17. Bb4 Rc3 18. Rhd1 b5 19. Rac1 Qd3+ $18 20. Ke1 Qxd2+ 21. Rxd2 Rxc1+ 22. Rd1 Rc4 23. Qxb5 h6 24. f3 Nf6 25. Bc5 1-0

[Event "VII Lorca Open 2018"]
[Site "Lorca"]
[Date "2018.12.29"]
[Round "6"]
[White "Sreeshwan Maralakshikari"]
[Black "Domingo Nunez, Ruben"]
[Result "1/2-1/2"]
[ECO "E52"]
[WhiteElo "2244"]
[BlackElo "2383"]
[Annotator "NA"]
[PlyCount "60"]
[EventDate "2018.12.26"]
[EventType "swiss"]
[EventCountry "ESP"]
[SourceTitle "playchess.com"]
[Source "ChessBase"]
[SourceQuality "1"]
[TimeControl "5400+30"]

1. d4 Nf6 2. c4 e6 3. Nc3 Bb4 4. e3 O-O 5. Bd3 d5 6. Nf3 b6 7. O-O Bb7 8. cxd5 exd5 9. Bd2 a6 10. Ne5 {[%emt 0:00:18] E52: Nimzo-Indian: Rubinstein: 4...0-0 5 Nf3 d5 6 Bd3 b6} Bd6 11. f4 c5 12. Rc1 Nbd7 (12... Nc6 13. Ne2 Ne7 14. Be1 Ne4 15. Ng3 cxd4 16. exd4 b5 17. Kh1 f6 18. Ng4 Qd7 {0-1 (38) Duda,J (2717)-Zhigalko,S (2641) Katowice 2017}) 13. Be1 Ne4 14. Nxe4 $146 ({Predecessor:} 14. Qh5 Ndf6 15. Qh3 Nxc3 16. Bxc3 Ne4 17. Bxe4 dxe4 18. dxc5 bxc5 {1-0 (32) Valenzuela Gomez,F (2389)-Perez Pastora,E (2103) Barcelona 2018}) 14... dxe4 15. Bc4 Nf6 16. Qb3 Qc7 17. a4 b5 18. axb5 axb5 19. Qxb5 Ba6 20. Qb3 Rab8 21. Qd1 (21. Qa3 $16 Bxc4 22. Nxc4) 21... Bxc4 22. Nxc4 cxd4 23. Qxd4 Bc5 24. Qd1 Rfd8 $11 (24... Rbd8 $5 25. Qe2 Nd5 $14) 25. Qe2 Nd5 26. Ba5 Bxe3+ 27. Qxe3 Qxa5 28. Qxe4 Qa7+ 29. Kh1 Nf6 30. Qf5 Qa4 1/2-1/2

[Event "VII Lorca Open 2018"]
[Site "Lorca"]
[Date "2018.12.29"]
[Round "6"]
[White "Martinez Fernandez, Adrian"]
[Black "Domingo Nunez, Alejandro"]
[Result "1/2-1/2"]
[ECO "C01"]
[WhiteElo "2212"]
[BlackElo "2404"]
[Annotator "NA"]
[PlyCount "47"]
[EventDate "2018.12.26"]
[EventType "swiss"]
[EventCountry "ESP"]
[SourceTitle "playchess.com"]
[Source "ChessBase"]
[SourceQuality "1"]
[TimeControl "5400+30"]

1. e4 e6 2. d4 d5 3. exd5 exd5 4. Nf3 Bd6 5. Bd3 Nc6 6. c3 Nge7 7. O-O Bg4 8. Nbd2 Qd7 9. Re1 O-O 10. Qc2 Bf5 11. Nf1 Bxd3 12. Qxd3 Qf5 13. Qxf5 Nxf5 14. Ng3 Nxg3 15. hxg3 f6 16. Bf4 Bxf4 17. gxf4 Kf7 18. Kf1 Ne7 19. Nh4 Nc8 20. Re2 Nd6 21. Rae1 Rae8 22. Rxe8 Rxe8 23. Rxe8 Kxe8 24. Ke2 1/2-1/2

[Event "VII Lorca Open 2018"]
[Site "Lorca"]
[Date "2018.12.29"]
[Round "6"]
[White "Aguilera Lopez, Alejandro"]
[Black "Tejedor Fuente, Enrique"]
[Result "0-1"]
[ECO "D02"]
[WhiteElo "2198"]
[BlackElo "2428"]
[Annotator "NA"]
[PlyCount "114"]
[EventDate "2018.12.26"]
[EventType "swiss"]
[EventCountry "ESP"]
[SourceTitle "playchess.com"]
[Source "ChessBase"]
[SourceQuality "1"]
[TimeControl "5400+30"]

1. d4 d5 2. Nf3 c5 3. e3 Nc6 4. Nbd2 cxd4 5. exd4 Bf5 6. Bb5 e6 7. O-O Bd6 8. c3 h6 9. Ne5 Nge7 10. Qe2 O-O 11. f4 a6 12. Bd3 Bxd3 13. Qxd3 b5 14. a3 Ra7 15. Ndf3 Qb6 16. g4 f6 17. Nxc6 Qxc6 18. Be3 Qe8 19. Rae1 Qg6 20. Qxg6 Nxg6 21. f5 exf5 22. gxf5 Ne7 23. Nh4 a5 24. Bd2 b4 25. Re6 Rd8 26. cxb4 axb4 27. Bxb4 Bxb4 28. axb4 Rb8 29. Ng6 Kf7 30. Nxe7 Rxe7 31. Rxe7+ Kxe7 32. Re1+ Kf7 33. Ra1 Rxb4 34. Ra7+ Kg8 35. Ra8+ Kh7 36. Rd8 Rxd4 37. Kg2 h5 38. Kf3 Kh6 39. Rd7 Rd1 40. Ke3 Rb1 41. Rb7 Rf1 42. b4 Rxf5 43. b5 g5 44. b6 Rf4 45. Rb8 Rb4 46. b7 Kg7 47. Kd3 g4 48. Kc3 Rb5 49. Kd4 h4 50. Ke3 Rb4 51. Kd3 g3 52. hxg3 h3 53. Ra8 h2 54. Ra1 Rxb7 55. Rh1 Rb2 56. Ke3 Kg6 57. Kf4 d4 0-1

[Event "VII Lorca Open 2018"]
[Site "Lorca"]
[Date "2018.12.29"]
[Round "6"]
[White "Manu David Suthandram R"]
[Black "Vazquez Igarza, Renier"]
[Result "1/2-1/2"]
[ECO "B30"]
[WhiteElo "2153"]
[BlackElo "2570"]
[Annotator "ChessBase"]
[PlyCount "86"]
[EventDate "2018.12.26"]
[EventType "swiss"]
[EventCountry "ESP"]
[SourceTitle "playchess.com"]
[Source "ChessBase"]
[SourceQuality "1"]
[TimeControl "5400+30"]

1. e4 c5 2. Nf3 e6 3. Nc3 Nc6 4. Bb5 Nge7 5. O-O a6 6. Bxc6 Nxc6 7. e5 d5 8. exd6 Bxd6 9. d3 Be7 10. Ne4 O-O 11. c3 b6 12. Re1 Bb7 13. d4 cxd4 14. cxd4 Rc8 15. a3 Na5 16. Qd3 Qd5 17. Nc3 Qc4 18. Qxc4 Nxc4 19. d5 Bf6 20. dxe6 fxe6 21. Ne4 Bxe4 22. Rxe4 Nxb2 23. Rb1 Nc4 24. Rxe6 Kf7 25. Re2 b5 26. a4 bxa4 27. Ra2 Rfd8 28. Kf1 Rd5 29. Rxa4 a5 30. Bf4 h6 31. g4 Bc3 32. Kg2 Nb2 33. Ra3 Nd3 34. Be3 Bf6 35. Kf1 Nb2 36. Nd2 Rc2 37. Ke1 a4 38. Ne4 Be7 39. Rxb2 Rxb2 40. Rxa4 Rb4 41. Rxb4 Bxb4+ 42. Ke2 Ra5 43. Kf3 Be7 1/2-1/2

[Event "VII Lorca Open 2018"]
[Site "Lorca"]
[Date "2018.12.29"]
[Round "6"]
[White "Korneev Leskova, Svyatoslav"]
[Black "Melero Fidalgo, Juan De Dios"]
[Result "1-0"]
[ECO "A21"]
[WhiteElo "2134"]
[BlackElo "2348"]
[Annotator "NA"]
[PlyCount "43"]
[EventDate "2018.12.26"]
[EventType "swiss"]
[EventCountry "ESP"]
[SourceTitle "playchess.com"]
[Source "ChessBase"]
[SourceQuality "1"]
[TimeControl "5400+30"]

1. c4 e5 2. Nc3 Bb4 3. Nd5 Be7 4. g3 c6 5. Nxe7 Qxe7 6. Bg2 Nf6 7. e4 O-O 8. Ne2 Na6 9. d3 Rd8 10. Nc3 Nc7 11. Qb3 Ne6 12. O-O d6 13. h3 Rb8 14. a4 Nd7 15. Be3 a5 16. Qa3 Nec5 17. Rfd1 Na6 18. Na2 Ndc5 19. b4 axb4 20. Nxb4 Ra8 21. Nxa6 Rxa6 22. Qb4 1-0

[Event "VII Lorca Open 2018"]
[Site "Lorca"]
[Date "2018.12.29"]
[Round "7"]
[White "Arjun Kalyan"]
[Black "Nayhebaver, Martin"]
[Result "1/2-1/2"]
[ECO "B66"]
[WhiteElo "2406"]
[BlackElo "2460"]
[Annotator "RC"]
[PlyCount "40"]
[EventDate "2018.12.26"]
[EventType "swiss"]
[EventCountry "ESP"]
[SourceTitle "playchess.com"]
[Source "ChessBase"]
[SourceQuality "1"]
[TimeControl "5400+30"]

1. e4 c5 2. Nf3 d6 3. d4 cxd4 4. Nxd4 Nf6 5. Nc3 Nc6 6. Bg5 e6 7. Qd2 Be7 8. O-O-O a6 9. f3 Qc7 10. h4 Ne5 11. Kb1 Rb8 12. g4 b5 13. Qg2 b4 14. Nce2 Bb7 15. Ng3 d5 16. Bf4 dxe4 17. fxe4 Nfd7 18. g5 Rc8 19. h5 Qb6 20. Be2 Rf8 1/2-1/2